Map: Thunderbird LE

Players

Trokaneon

  • Race: Protoss Protoss
  • League: Diamond
  • Spawn Location: 5:00

MaliCiouS - Winner!

  • Race: Zerg Zerg
  • League: Platinum
  • Spawn Location: 11:00

VOD

Have the link to the VOD?

Description

Time

  • Played on: May 29, 2019, 2:31 a.m.
  • Length: 8:04
Show
View Real Time Build Order
Export as new Build Order

Trokaneon Protoss 

Build Orders:  

Get SALT Encoding   

  12  0:01  Probe  
  13  0:13  Probe  
  14  0:20  Pylon  
  14  0:25  Probe  
  15  0:37  Probe  
  15  0:39  Gateway  
  16  0:45  Probe  
  17  0:53  Assimilator  
  17  0:55  Probe  
  17  1:01  Assimilator  
  18  1:08  Pylon  
  18  1:20  Gateway  
  18  1:22  Probe  
  19  1:34  Probe  
  20  1:43  Gateway  
  20  1:54  Probe  
  21  2:08  Zealot  
  21  2:10  Zealot  
  25  2:34  Probe  
  26  2:48  Pylon  
  26  2:54  Cybernetics Core  
  26  3:06  Probe  
  27  3:24  Nexus  
  27  3:29  Adept  
  27  3:30  Adept  
  31  3:41  Warp Gate  
  31  3:45  Pylon  
  31  4:03  Adept, Probe  
  31  4:09  Pylon  
  34  4:15  Probe, Stargate  
  35  4:26  Pylon  
  35  4:28  Probe  
  35  4:29  Adept  
  38  4:34  Adept  
  40  4:40  Probe, Adept  
  40  4:44  Probe  
  44  4:49  Void Ray  
  44  4:52  Probe  
  49  5:08  Probe  
  49  5:09  Probe  
  51  5:20  Probe  
  52  5:22  Probe  
  53  5:33  Probe  
  53  5:34  Probe  
  45  5:51  Adept x3  
  42  6:05  Pylon  
  33  6:13  Adept  
  33  6:14  Adept x2  
  30  6:34  Pylon  
  30  6:35  Zealot x3  
  26  7:03  Stalker x3  
  26  7:04  Nexus  
  28  7:29  Zealot x3  
  10  7:49  Probe  
  3  7:53  Zealot  
Show
View Real Time Build Order
Export as new Build Order

MaliCiouS Zerg - Winner!

Build Orders: Pool First, Roach Nydus 

Get SALT Encoding   

  12  0:02  Drone  
  13  0:15  Overlord  
  13  0:17  Drone  
  14  0:33  Drone x2  
  16  0:37  Extractor, Drone  
  16  1:02  Drone  
  16  1:03  Spawning Pool, Drone  
  17  1:18  Overlord  
  17  1:20  Drone  
  18  1:45  Hatchery  
  17  2:01  Hatchery  
  17  2:04  Zergling x4  
  18  2:16  Drone x2  
  20  2:36  Drone  
  23  2:48  Roach Warren  
  22  2:54  Drone x2  
  22  2:56  Hatchery  
  22  2:58  Drone x2  
  25  3:10  Lair, Drone  
  25  3:11  Drone  
  25  3:20  Overlord  
  24  3:34  Zergling x4  
  24  3:35  Zergling x2  
  24  3:36  Queen  
  29  3:49  Drone x2  
  29  3:51  Drone  
  31  4:02  Roach x2  
  35  4:15  Nydus Network  
  35  4:16  Roach x3  
  40  4:23  Roach x2  
  44  4:31  Overseer  
  44  4:34  Drone  
  44  4:35  Drone x3  
  48  4:46  Overlord  
  48  4:50  Overlord  
  48  5:10  Nydus Canal  
  48  5:11  Roach x3  
  48  5:12  Roach  
  56  5:15  Zergling x2  
  56  5:16  Zergling x12  
  63  5:21  Overlord  
  60  5:47  Queen x2  
  60  5:48  Queen  
  58  6:09  Zergling x12  
  59  6:18  Roach x3  
  58  6:28  Zergling x2  
  58  6:29  Roach x2  
  58  6:44  Roach x5  
  60  7:11  Zergling x10  
  60  7:12  Zergling x6  
  63  7:27  Zergling x4  
  63  7:28  Zergling x10  
  70  7:31  Nydus Canal  
Tags
 
Add a new tag
Caveats
  • Supply blocks, unpowered buildings, or Contaminate may cause inaccurate times.
  • Supply counts are checked every 10 seconds.